 Dungeon Crawl Stone Soup version 0.30-a0-250-g41c1d76940 (webtiles) character file.

Game seed: 3129935035969438106

1076 koil the Sneak (level 8, -4/39 HPs)
             Began as a Spriggan Enchanter on Oct 13, 2022.
             Slain by Edmund
             ... wielding a +0 dire flail of protection
              (13 damage)
             ... on level 5 of the Dungeon.
             The game lasted 00:15:54 (4772 turns).

koil the Sneak (Spriggan Enchanter)                 Turns: 4772, Time: 00:15:55

Health: -4/39      AC:  2    Str:  6    XL:     8   Next: 8%
Magic:  15/16      EV: 23    Int: 22    God:
Gold:   218        SH:  0    Dex: 16    Spells: 12/17 levels left

rFire   + . .      SeeInvis +    y - +9 hand axe of the Scorching Gods {vorpal, rF+ Will++}
rCold   . . .      Faith    .    (no shield)
rNeg    . . .      Spirit   .    b - +0 robe
rPois   .          Reflect  .    (helmet restricted)
rElec   .          Harm     .    (no cloak)
rCorr   .          Rampage  .    (gloves unavailable)
Will    +++..                    (boots unavailable)
Stlth   ++++......               (no amulet)
HPRegen 0.26/turn                l - +4 ring of evasion
MPRegen 0.15/turn                t - +6 ring of intelligence

@: very quick
A: very small, no large weapons, unfitting armour, see invisible, speed 3
a: no special abilities


You were on level 5 of the Dungeon.
You visited 1 branch of the dungeon, and saw 5 of its levels.
You also visited: Ossuary.

You collected 218 gold pieces.

Inventory:

Hand Weapons
 a - a +1 dagger
 i - the +9 whip of Tiseenodgh {vorpal, rN+ Str+6 Stlth+}
   (You found it on level 2 of the Dungeon)

   It inflicts extra damage upon your enemies.
   Str:       It affects your strength (+6).
   rN:        It protects you from negative energy.
   Stlth:     It makes you more stealthy.
 y - the +9 hand axe of the Scorching Gods (weapon) {vorpal, rF+ Will++}
   (You found it on level 4 of the Dungeon)

   It inflicts extra damage upon your enemies.
   rF:        It protects you from fire.
   Will:      It greatly increases your willpower.
Missiles
 k - 5 poisoned darts (quivered)
Armour
 b - a +0 robe (worn)
Magical Staves
 u - a staff of air
Jewellery
 l - a +4 ring of evasion (left hand)
 o - a ring of wizardry
 t - a +6 ring of intelligence (right hand)
 w - a ring of wizardry
 C - a +4 ring of evasion
Wands
 p - a wand of iceblast (10)
Scrolls
 e - 4 scrolls of butterflies {unknown}
 f - 3 scrolls of identify {unknown}
 g - 2 scrolls of enchant weapon {unknown}
 h - 2 scrolls of teleportation {unknown}
 m - 2 scrolls of amnesia {unknown}
 q - 2 scrolls of immolation {unknown}
 r - a scroll of summoning {unknown}
 x - a scroll of vulnerability {unknown}
 D - a scroll of enchant armour {unknown}
 E - a scroll of blinking {unknown}
Potions
 c - 3 potions of invisibility
 d - 3 potions of lignification {unknown}
 j - 3 potions of magic {unknown}
 n - 7 potions of haste {unknown}
 s - 2 potions of curing {unknown}
 v - a potion of heal wounds {unknown}
 z - 2 potions of mutation {unknown}
 A - 2 potions of might {unknown}
 B - a potion of brilliance {unknown}


   Skills:
 + Level 2.3 Fighting
 - Level 1.8 Short Blades
 * Level 2.4(2.9) Axes
 - Level 1.9(2.4) Maces & Flails
 + Level 5.1 Dodging
 + Level 6.9 Stealth
 + Level 5.0 Spellcasting
 + Level 5.5 Hexes
 + Level 2.1 Ice Magic


You had 12 spell levels left.
You knew the following spells:

 Your Spells              Type           Power      Damage    Failure   Level
a - Ensorcelled Hibernat  Hex/Ice        44%        N/A       3%          2
b - Confusing Touch       Hex            29%        N/A       3%          3

Your spell library contained the following spells:

 Spells                   Type           Power      Damage    Failure   Level
 Tukima's Dance           Hex            29%        N/A       3%          3
 Freeze                   Ice            60%        1d7       4%          1
 Sting                    Tmut/Pois      20%        1d4       10%         1
 Dazzling Flash           Conj/Hex       34%        N/A       10%         3
 Frozen Ramparts          Ice            30%        1d5       12%         3
 Poisonous Vapours        Pois/Air       10%        N/A       16%         2
 Sublimation of Blood     Necr           5%         N/A       16%         2
 Wereblood                Tmut           5%         N/A       16%         2
 Hailstorm                Conj/Ice       10%        3d5       19%         3
 Olgreb's Toxic Radiance  Pois           5%         N/A       69%         4
 Summon Hydra             Summ           2%         N/A       100%        7


Dungeon Overview and Level Annotations

Branches:
Dungeon (5/15)             Temple (0/1) D:4         Ossuary (visited)

Altars:
Fedhas
Gozag
Hepliaklqana
Trog
Xom

Annotations:
D:5 2 transporters, Edmund; drugrobin's ghost, novice DgDe


Innate Abilities, Weirdness & Mutations

You are very small and have problems with some larger weapons.
You are too small for most types of armour.
You have supernaturally acute eyesight. (SInv)
You cover ground extremely quickly. (Speed+++)


Message History

You see here a +0 spear.
Edmund the Younger comes into view.
He is wielding a +0 dire flail of protection.
There is a huge open gate here.
A gnoll comes into view. It is wielding a +0 spear.
A gnoll comes into view. It is wielding a +0 club.
There is an open door here.
An orc comes into view. It is wielding a +0 hand axe.
The orc shouts!
Casting: Confusing Touch (dangerous; 3% risk of failure)
Confirm with . or Enter, or press ? or * to list all spells.
Aiming: Ensorcelled Hibernation (safe; 3% risk of failure)
Press: ? - help, Shift-Dir - straight line, f - Edmund
Aim: Edmund, wielding a +0 dire flail of protection and wearing a +0 ring mail (wandering, hasn't noticed you, chance to affect: 54%) Edmund shouts!
Edmund looks drowsy...
The gnoll completely misses you.
You hit Edmund.
Edmund is lightly wounded.
You barely miss the gnoll. The gnoll misses you. Edmund closely misses you.
The orc suddenly jeers.
The gnoll closely misses you.
You hit Edmund.
Edmund is moderately wounded.
You hit the gnoll. You slash the orc!
You kill the orc!
The gnoll completely misses you.
Edmund looks rather jealous.
Edmund closely misses you. The gnoll completely misses you.
Your Spellcasting skill increases to level 5!
You closely miss Edmund.
Edmund is moderately wounded.
You hit the gnoll. The gnoll completely misses you.
Edmund hits you with a +0 dire flail of protection!
The gnoll hits you from afar with a +0 spear!
* * * LOW HITPOINT WARNING * * *
You hit Edmund but do no damage.
Edmund is moderately wounded.
You closely miss the gnoll. The gnoll barely misses you. The gnoll misses you.
Edmund hits you with a +0 dire flail of protection!
You die...

####################..###########
........[......)).............†..
.~~~~~≈≈~~~≈~~≈≈~≈~).)..~~~~~~)≈~
.~~≈≈≈≈≈≈≈≈≈≈≈≈≈≈≈~)))..≈≈≈≈≈≈≈≈≈
.~≈#####~~~≈~~≈~≈~≈~.)..~~≈~~~~~~
.≈≈#ggg#.........................
P~≈#...#############''''#########
.≈≈###+# ......)...#....#....
.≈≈≈.# ......@@..'....'....
.≈≈~.# .....gg...#....#....
.~≈~.# ####################
.≈~~.# .~~~.# .≈~~.# .~~≈.#
.~≈~.# .~≈###+#


You could see Edmund and 2 gnolls.

Vanquished Creatures
  A black bear (D:4)
  An ogre (D:4)
  A centaur (D:5)
  2 necrophages
  A scorpion (D:5)
  3 water moccasin zombies (Ossuary)
  3 hounds (D:5)
  An iguana (D:4)
  3 mummies
  7 gnolls (D:5)
  7 adders
  A shadow imp (D:5)
  A white imp (D:5)
  3 ufetubi
  11 adder zombies (Ossuary)
  2 worms
  2 dart slugs
  7 orcs
  5 endoplasms
  7 giant cockroaches
  7 gnoll zombies (Ossuary)
  3 goblins
  6 hobgoblins
  14 jackals
  7 kobolds
  2 quokkas (D:3)
  5 ball pythons
  2 bats (D:1)
  3 frilled lizards (D:3)
  A hobgoblin zombie (Ossuary)
  3 kobold zombies (Ossuary)
  7 orc zombies (Ossuary)
  5 rats
134 creatures vanquished.

Vanquished Creatures (others)
  A fungus (D:5)
  A plant (D:5)
2 creatures vanquished.

Grand Total: 136 creatures vanquished

Notes
Turn   | Place    | Note
-------+----------+-------------------------------------------
     0 | D:1      | koil the Spriggan Enchanter began the quest for the Orb.
     0 | D:1      | Reached XP level 1. HP: 9/9 MP: 5/5
   202 | D:1      | Reached XP level 2. HP: 13/13 MP: 6/6
   205 | D:1      | Learned a level 2 spell: Ensorcelled Hibernation
   872 | D:2      | Found a faded altar of an unknown god.
   918 | D:2      | Reached XP level 3. HP: 13/16 MP: 8/8
   952 | D:2      | Reached skill level 5 in Stealth
  1034 | D:2      | Identified the +9 whip of Tiseenodgh {vorpal, rN+ Str+6
                  | Stlth+}
  1829 | D:3      | Found a blossoming altar of Fedhas.
  2219 | D:3      | Reached XP level 4. HP: 21/21 MP: 10/10
  2347 | D:3      | Found a bloodstained altar of Trog.
  2771 | D:4      | Found a staircase to the Ecumenical Temple.
  2835 | D:4      | Noticed a black bear
  2837 | D:4      | Noticed a necrophage
  2854 | D:4      | Killed a black bear
  2855 | D:4      | Reached skill level 1 in Fighting
  2855 | D:4      | Reached skill level 1 in Maces & Flails
  2855 | D:4      | Reached XP level 5. HP: 25/25 MP: 8/11
  2879 | D:4      | Learned a level 3 spell: Confusing Touch
  3083 | D:4      | Reached XP level 6. HP: 30/30 MP: 9/12
  3131 | D:4      | Reached skill level 1 in Ice Magic
  3220 | D:4      | Found a shimmering altar of Xom.
  3340 | D:4      | Found a hazy altar of Hepliaklqana.
  3384 | D:4      | Identified the +9 hand axe of the Scorching Gods {vorpal,
                  | rF+ Will++}
  3585 | D:4      | Found a sand-covered staircase.
  3592 | D:4      | Reached skill level 6 in Stealth
  3598 | Ossuary  | Entered an ossuary
  3725 | Ossuary  | Reached skill level 5 in Hexes
  3725 | Ossuary  | Reached XP level 7. HP: 16/34 MP: 14/14
  3730 | Ossuary  | Reached skill level 1 in Axes
  4131 | D:5      | Entered Level 5 of the Dungeon
  4131 | D:5      | Found an opulent altar of Gozag.
  4250 | D:5      | Found a transporter.
  4263 | D:5      | Noticed drugrobin's ghost (novice DgDe)
  4264 | D:5      | Found a transporter.
  4566 | D:5      | Reached skill level 5 in Dodging
  4630 | D:5      | Reached XP level 8. HP: 35/39 MP: 16/16
  4761 | D:5      | Noticed Edmund
  4771 | D:5      | Reached skill level 5 in Spellcasting
  4772 | D:5      | Slain by Edmund

Illustrated notes

Levels and vault maps discovered:
D:1:      minmay_arrival_wavy_path, layout_loops_ring, minmay_tetromino_t4
D:2:      layout_basic, nicolae_ecumenical_pavilion
D:3:      layout_loops_ring, trog_butcher_becter, lemuel_tele_altar,
          corexii_leaking_fountain, palyth_stone_intersect
D:4:      layout_basic, mainiacjoe_overflow_small_starburst, marbit_many_paths,
          minmay_temple_entry_stoned_glass, gup_ossuary_entry_pyramid
D:5:      lemuel_castle_with_subvaults [lemuel_castle_interior_carwin_1],
          layout_basic, old_standard_altar, mainiacjoe_overflow_catwalk,
          gammafunk_ghost_arena, serial_demonic, serial_demonic_f,
          serial_demonic_d, serial_demonic_g, serial_demonic_f,
          uniq_crazy_yiuf_cottage, uniq_edmund

Skill      XL: |  1  2  3  4  5  6  7  8 |
---------------+-------------------------+-----
Dodging        | 3 4 5 |  5.1
Spellcasting   | 3 4 5 |  5.0
Hexes          | 4 5 |  5.5
Stealth        | 5 6 |  6.9
Fighting       | 1 2 |  2.3
Maces & Flails | 1 |  1.9
Ice Magic      | 1 2 |  2.1
Axes           | 2 |  2.4
Short Blades   | |  1.8

Action                   |  1- 3 |  4- 6 |  7- 9 || total
-------------------------+-------+-------+-------++-------
Melee: Dagger            |   102 |       |       ||   102
       Whip              |    26 |    62 |       ||    88
       Hand axe          |       |    41 |   123 ||   164
       Punch             |       |     1 |     3 ||     4
Throw: Dart              |       |       |     5 ||     5
 Cast: Ensorcelled Hiber |     3 |     9 |     1 ||    13
       Confusing Touch   |       |     1 |     1 ||     2
 Stab: Sleeping          |    15 |    16 |     4 ||    35
       Confused          |       |     2 |       ||     2
Armor: Robe              |     8 |     5 |    11 ||    24
Dodge: Dodged            |    83 |    91 |   136 ||   310

Table legend: (Time is in decaauts)
 A = Elapsed time spent in this place.
 B = Non-inter-level travel time spent in this place.
 C = Inter-level travel time spent in this place.
 D = Time resting spent in this place.
 E = Time spent auto-exploring this place.
 F = Levels seen in this place.
 G = Mean time per level.
                   A        B        C        D        E       F      G
               +--------+--------+--------+--------+--------+-----+--------+
         Total |   3450 |   3395 |     55 |    570 |   1915 |   6 |  575.0 |
       Dungeon |   3179 |   3124 |     55 |    465 |   1915 |   5 |  635.8 |
       Ossuary |    271 |    271 |      0 |    105 |      0 |   1 |  271.0 |
               +--------+--------+--------+--------+--------+-----+--------+

Top non-repeatable levels by time:
     D:4: 791 daAuts
     D:2: 644 daAuts
     D:3: 625 daAuts
     D:1: 604 daAuts
     D:5: 513 daAuts
 Ossuary: 271 daAuts
